AoeStats
← Imot

Arabia

509118233Analyzed
1v1 RM · 7d ago on Sep 25, 2026· 37m 0s· 2 players
Game mode
Random Map
Map size
Tiny (2 player)
Population
200
Speed
Normal
Resources
Standard
Victory
Conquest
Starting age
Dark Age
Ending age
Imperial Age
RankedLock teamsTeams togetherTeam positionsShared explorationLock speedFull tech treeHidden civsTurbo modeCheats
Victory
Defeat
🇦🇷 Vikings · Argentina
1348
+14
🇨🇿 Goths · Czechia
1309
-14
kasato
0:28 Loom
9:57 Feudal Age
9:58 Man-at-Arms
10:33 Double-Bit Axe
15:18 Horse Collar
16:19 Fletching
16:39 Gold Mining
17:35 Padded Archer Armor
19:19 Wheelbarrow
22:52 Castle Age
23:55 Scale Barding Armor
24:12 Bow Saw
25:42 Forging
26:20 Heavy Plow
27:31 Chain Barding Armor
28:16 Stone Mining
28:43 Forging
29:06 Bloodlines
30:42 Husbandry
32:37 Bodkin Arrow
37:51 Imperial Age
Imot
3:25 Loom
7:21 Loom
10:25 Feudal Age
10:30 Man-at-Arms
14:31 Double-Bit Axe
15:40 Fletching
17:36 Padded Archer Armor
23:32 Castle Age
23:40 Horse Collar
24:15 Bodkin Arrow
23:46 Crossbowman
29:43 Scale Mail Armor
30:48 Squires
Connection lost

Rejoining the realm…

Still unreachable

The connection could not be restored.

Session expired

The server has moved on; the page needs a fresh start.